 Dungeon Crawl Stone Soup version 0.30-a0-799-g109b55a442 (webtiles) character file.

Game seed: 12439863987567649623

14 cheesebisquit the Digger (level 2, 0/15 HPs)
             Began as a Gargoyle Earth Elementalist on Feb 20, 2023.
             Slain by a worm (8 damage)
             ... on level 2 of the Dungeon.
             The game lasted 00:02:21 (618 turns).

cheesebisquit the Digger (GrEE)                      Turns: 618, Time: 00:02:21

Health: 0/15       AC:  5    Str: 11    XL:     2   Next: 45%
Magic:  3/5        EV: 11    Int: 15    God:
Gold:   11         SH:  0    Dex: 10    Spells: 4/5 levels left

rFire   . . .      SeeInvis .    e - +0 whip
rCold   . . .      Faith    .    (no shield)
rNeg    + . .      Spirit   .    a - +0 robe
rPois   ∞          Reflect  .    (no helmet)
rElec   +          Harm     .    (no cloak)
rCorr   .          Rampage  .    (no gloves)
Will    .....                    d - +0 pair of boots
Stlth   ++                       (no amulet)
HPRegen 0.22/turn                (no ring)
MPRegen 0.09/turn                (no ring)

@: no status effects
A: sickness immunity, AC +2, negative energy resistance 1, electricity
resistance, torment resistance 1, petrification resistance
a: no special abilities


You were on level 2 of the Dungeon.
You visited 1 branch of the dungeon, and saw 2 of its levels.

You collected 11 gold pieces.

Inventory:

Hand Weapons
 e - a +0 whip (weapon)
Armour
 a - a +0 robe (worn)
 d - a +0 pair of boots (worn)
Scrolls
 g - a scroll of fog {unknown}
 h - a scroll of identify {unknown}
 i - a scroll of brand weapon {unknown}
Potions
 b - a potion of magic
 c - 2 potions of heal wounds {unknown}
 f - 3 potions of curing {unknown}
 j - 2 potions of brilliance {unknown}


   Skills:
 - Level 1.5 Dodging
 - Level 2.1 Stealth
 + Level 2.4 Spellcasting
 - Level 0.7 Transmutations
 + Level 4.1 Earth Magic


You had 4 spell levels left.
You knew the following spells:

 Your Spells              Type           Power      Damage    Failure   Level
a - Sandblast             Erth           28%        2d8       3%          1

Your spell library contained the following spells:

 Spells                   Type           Power      Damage    Failure   Level
 Passwall                 Tmut/Erth      7%         N/A       12%         2
 Apportation              Tloc           2%         N/A       22%         1
 Necrotise                Necr           4%         1d4       22%         1
 Summon Small Mammal      Summ           4%         N/A       22%         1
 Stone Arrow              Conj/Erth      16%        3d8       26%         3
 Petrify                  Tmut/Erth      9%         N/A       61%         4


Dungeon Overview and Level Annotations

Branches:
Dungeon (2/15)

Altars:

Shops:
D:1 **


Innate Abilities, Weirdness & Mutations

You are immune to sickness and miasma.
Your stone body is resilient. (AC +2)
You are immune to poison.
You resist negative energy. (rN+)
You are resistant to electric shocks. (rElec)
You are resistant to unholy torment.
You are immune to petrification.


Message History

There is an entrance to Xakkodgho's General Store here.
You can access your shopping list by pressing '$'.
There is a stone staircase leading down here.
There is a stone staircase leading down here.
Done exploring.
Done exploring.
You climb downwards.
Found a scroll labelled WOANUY PIOFAURAE.
There is a stone staircase leading up here.
A bat is nearby!
The blast of sand hits the bat!
You kill the bat!
Magic restored.
i - a scroll labelled WOANUY PIOFAURAE You open the door.
There is an open door here.
As you open the door, it creaks loudly!
A giant cockroach comes into view.
The blast of sand hits the giant cockroach.
The giant cockroach is moderately wounded.
The giant cockroach closely misses you.
The giant cockroach bites you but does no damage.
The blast of sand hits the giant cockroach!
You kill the giant cockroach!
You open the door.
There is an open door here.
Found 3 large rocks.
j - 2 inky potions
Found a falchion.
You see here a +0 falchion. 2 worms come into view.
The worm moves out of view.
The blast of sand hits the worm!
The worm is heavily wounded.
The worm bites you!
The blast of sand hits the worm.
The worm is severely wounded.
The worm bites you!
Ouch! That really hurt!
You die...

. ##+## #.....# . #.
#.....# #. #.#####
##. #.# ####.. #.#
##..... #.# .....?.
#.#
#.....w###########)#
#......@...........#
##..!..#############
######


You could see a worm.

Vanquished Creatures
  3 ball pythons (D:1)
  3 bats
  An endoplasm (D:1)
  A giant cockroach (D:2)
  2 goblins (D:1)
  A frilled lizard (D:1)
  A kobold (D:1)
12 creatures vanquished.

Notes
Turn   | Place    | Note
-------+----------+-------------------------------------------
     0 | D:1      | cheesebisquit the Gargoyle Earth Elementalist began the
                  | quest for the Orb.
     0 | D:1      | Reached XP level 1. HP: 10/10 MP: 3/3
   238 | D:1      | Found Pyt Duru's Assorted Antiques.
   241 | D:1      | Reached XP level 2. HP: 15/15 MP: 3/5
   243 | D:1      | Reached skill level 4 in Earth Magic
   358 | D:1      | Found a faded altar of an unknown god.
   495 | D:1      | Found Xakkodgho's General Store.
   618 | D:2      | Slain by a worm

Illustrated notes

Levels and vault maps discovered:
D:1:      amcnicky_arrival_underground_garden, layout_rooms, serial_shops, shop,
          nicolae_square_shop, dreamdust_ecumenical_altar_angels_and_demons
D:2:      layout_loops_corners

Skill      XL: |  1  2 |
---------------+-------+-----
Earth Magic    | 4 |  4.1
Dodging        | |  1.5
Stealth        | |  2.1
Spellcasting   | |  2.4
Transmutations | |  0.7

Action                     || total
---------------------------++-------
   Cast: Sandblast         ||    16
 Armour: Robe              ||     3
  Dodge: Dodged            ||     3

Table legend: (Time is in decaauts)
 A = Elapsed time spent in this place.
 B = Non-inter-level travel time spent in this place.
 C = Inter-level travel time spent in this place.
 D = Time resting spent in this place.
 E = Time spent auto-exploring this place.
 F = Levels seen in this place.
 G = Mean time per level.
                   A        B        C        D        E       F      G
               +--------+--------+--------+--------+--------+-----+--------+
         Total |    624 |    624 |      0 |      0 |    532 |   2 |  312.0 |
       Dungeon |    624 |    624 |      0 |      0 |    532 |   2 |  312.0 |
               +--------+--------+--------+--------+--------+-----+--------+

Top non-repeatable levels by time:
     D:1: 520 daAuts
     D:2: 104 daAuts
